 Dungeon Crawl Stone Soup version 0.26-a0-665-gefeb406119 (webtiles) character file.

Game seed: 14521679038730181639

92 Elric the Firebug (level 4, -17/33 HPs)
             Began as a Draconian Fire Elementalist on Oct 13, 2020.
             Killed from afar by a giant cockroach (22 damage)
             ... with an exploding inner flame
             ... hexed by the player character
             ... on level 3 of the Dungeon.
             The game lasted 00:04:45 (2335 turns).

Elric the Firebug (Draconian Fire Elementalist)     Turns: 2335, Time: 00:04:46

Health: -17/33     AC:  5    Str: 10    XL:     4   Next: 35%
Magic:  0/8        EV: 12    Int: 17    God:
Gold:   99         SH:  0    Dex: 11    Spells: 4/8 levels left

rFire    . . .     SeeInvis .   (no weapon)
rCold    . . .     Faith    .   (no shield)
rNeg     . . .     Spirit   .   (armour unavailable)
rPois    .         Reflect  .   (helmet restricted)
rElec    .         Harm     .   (no cloak)
rCorr    .         Rampage  .   (no gloves)
MR       .....                  (no boots)
Stlth    ++........             (no amulet)
HPRegen  0.11/turn              (no ring)
MPRegen  0.11/turn              (no ring)

@: no status effects
A: unfitting armour, cold-blooded, AC +5
a: no special abilities


You were on level 3 of the Dungeon.
You visited 1 branch of the dungeon, and saw 3 of its levels.

You collected 99 gold pieces.

Inventory:

Armour
 b - a +0 buckler
Jewellery
 a - an uncursed amulet of regeneration {unknown}
Scrolls
 d - 4 scrolls of identify {unknown}
 h - a scroll of amnesia {unknown}
 i - a scroll of remove curse {unknown}
 j - 2 scrolls of teleportation {unknown}
 k - 2 scrolls of blinking {unknown}
 m - 3 scrolls of fog {unknown}
Potions
 c - 2 potions of curing {unknown}
 e - a potion of stabbing {unknown}
 f - a potion of haste {unknown}
 g - a potion of lignification {unknown}
 l - a potion of might {unknown}


   Skills:
 - Level 1.9 Dodging
 - Level 1.8 Stealth
 + Level 2.8 Spellcasting
 + Level 2.2 Conjurations
 + Level 4.0 Fire Magic


You had 4 spell levels left.
You knew the following spells:

 Your Spells              Type           Power        Failure   Level
a - Foxfire               Conj/Fire      ##..         4%          1
b - Inner Flame           Hex/Fire       #.......     22%         3

Your spell library contained the following spells:

 Spells                   Type           Power        Failure   Level
 Conjure Flame            Conj/Fire      ##......     14%         3
 Sticky Flame             Conj/Fire      ##......     43%         4
 Fireball                 Conj/Fire      ##........   80%         5


Dungeon Overview and Level Annotations

Branches:
Dungeon (3/15)

Altars:
Elyvilon


Innate Abilities, Weirdness & Mutations

Your plain brown scales are hard. (AC +5)
You cannot fit into any form of body armour.
You are cold-blooded and may be slowed by cold attacks.


Message History

You conjure some foxfire!
The giant cockroach barely misses you. The giant cockroach misses you.
The giant cockroach bites you but does no damage.
Your foxfire dissipates!
The orc curses to no one in particular.
Casting: Foxfire (safe; 4% risk of failure)
Confirm with . or Enter, or press ? or * to list all spells.
You conjure some foxfire!
The giant cockroach misses you. The giant cockroach barely misses you.
The foxfire hits the giant cockroach.
Flame seeps out of the giant cockroach.
The giant cockroach is heavily wounded.
The foxfire hits the giant cockroach.
Flame seeps out of the giant cockroach.
The giant cockroach is severely wounded.
The giant cockroach is engulfed in blazing flames.
The giant cockroach explodes!
The fiery explosion engulfs the hobgoblin!!
You kill the hobgoblin!
The fiery explosion engulfs you!!
Ouch! That really hurt!
You die...

#.# #g# #g# #g#
#l# ####. #o# .
..... #†# ...
####
#######○##.....
.......@§......
####.#####...#.
# .## # # ## .#
.# .#


You could see an orc, a leopard gecko and 3 goblins.

Vanquished Creatures
  Robin (D:3)
  An adder (D:2)
  A gnoll (D:1)
  An ooze (D:1)
  2 dart slugs (D:1)
  3 giant cockroaches (D:1)
  8 hobgoblins
  3 jackals (D:1)
  A quokka (D:2)
  8 bats
  6 frilled lizards
  7 goblins
  6 kobolds
  8 rats
56 creatures vanquished.

Vanquished Creatures (others)
  190 foxfires
190 creatures vanquished.

Grand Total: 246 creatures vanquished

Notes
Turn   | Place    | Note
-------+----------+-------------------------------------------
     0 | D:1      | Elric the Draconian Fire Elementalist began the quest for
                  | the Orb.
     0 | D:1      | Reached XP level 1. HP: 14/14 MP: 3/3
   291 | D:1      | Reached XP level 2. HP: 18/20 MP: 0/5
   832 | D:1      | Reached XP level 3. HP: 26/26 MP: 3/6
  1180 | D:2      | Learned a level 3 spell: Inner Flame
  1672 | D:2      | Reached skill level 4 in Fire Magic
  1738 | D:2      | Found a white marble altar of Elyvilon.
  1772 | D:2      | Reached XP level 4. HP: 33/33 MP: 5/7
  2211 | D:3      | Noticed Robin
  2220 | D:3      | Killed Robin
  2335 | D:3      | Killed from afar by a giant cockroach

Illustrated notes

Levels and vault maps discovered:
D:1:      minmay_arrival_five_plusses, layout_basic, due_unseen_surprise
D:2:      layout_rooms, lemuel_round_altar
D:3:      layout_loops_ring, gup_sewer_entry_glass, grunt_ministairs_9,
          uniq_robin

Skill      XL: |  1  2  3 |
---------------+----------+-----
Conjurations   | 2 |  2.2
Fire Magic     | 4 |  4.0
Dodging        | |  1.9
Stealth        | |  1.8
Spellcasting   | |  2.8

Action                   |  1- 3 |  4- 6 || total
-------------------------+-------+-------++-------
Melee: Unarmed           |       |    10 ||    10
       Tailslap          |       |     3 ||     3
 Cast: Foxfire           |    88 |    33 ||   121
       Inner Flame       |       |     1 ||     1
Armor: Skin              |    13 |     8 ||    21
Dodge: Dodged            |    18 |    30 ||    48

Table legend: (Time is in decaauts)
 A = Elapsed time spent in this place.
 B = Non-inter-level travel time spent in this place.
 C = Inter-level travel time spent in this place.
 D = Time resting spent in this place.
 E = Time spent auto-exploring this place.
 F = Levels seen in this place.
 G = Mean time per level.
                   A        B        C        D        E       F      G
               +--------+--------+--------+--------+--------+-----+--------+
         Total |   2334 |   2296 |     38 |      0 |   1762 |   3 |  778.0 |
       Dungeon |   2334 |   2296 |     38 |      0 |   1762 |   3 |  778.0 |
               +--------+--------+--------+--------+--------+-----+--------+

Top non-repeatable levels by time:
     D:1: 1173 daAuts
     D:2: 992 daAuts
     D:3: 168 daAuts
